← All builds
Tech / Armada / Economy first / OBSERVED BUILD

Standard tech

Armada Tech (Eco) build order · Supreme Isthmus

Rushes T2 by 4:15, gets Advanced Metal Extractor around 5:28, hands off T2 constructors to Geo and the team, then scales eco and supplies the team's T2 needs through the rest of the game.

Usually first T2 con to Geo (83%)

#eco #t2 #team support · 1574 distinct matches · 255 players · 58% of Armada Tech games · team won 53% of 1868 · Recently observed

HOW TO PLAY IT

Key timing: T2 factory by 4:15

  1. Open 3 mex and heavy wind to fund a fast T2 rush.
  2. Put down Bot Lab, planning to eat it for reclaim soon after.
  3. Get Advanced Bot Lab up, hitting the T2 factory rush timing.
  4. Upgrade mex to Advanced Metal Extractor to lock in team metal income.
  5. Eat Advanced Bot Lab and keep sending cons to Geo and Pond.

Phase by phase

TYPICAL OF ITS 1574 GAMES
  1. 1
  2. 2
  3. 3
  4. 4
PLAY THE OPENING

Follow the example game's first 6:00 step by step: what to build now, what comes next, and where it goes. At 1× it keeps pace with your own game.

  1. 1

    Up to the Bot Lab

    Economy
    • Metal Extractor3Mex
    • Wind Turbine4Wind
    Order
    1. Bot LabBot Lab after 3 mex, 4 winddone ~1:18, middle half 1:13–1:32

    Some games also: energy storage (31%)

    By 1:01 in all: 3 mex · 4 wind

    The example game in this phase · 4 steps
    1. Mex ×3
    2. Solar ×2
    3. Wind ×2
    4. Bot LabBot Labdone 1:26 · typical 1:18
  2. 2

    Bot Lab to Advanced Bot Lab

    Economy
    • Metal Extractor1Mex
    • Wind Turbine8Wind
    • Energy Storage1Energy storage
    Order
    1. Advanced Bot LabAdvanced Bot Lab after 4 mex, 12 wind, 3 con turretdone ~4:16, middle half 4:04–4:30
    Builders
    • Construction Turret3 Con turret
    • Lazarus3 Lazarus
    • Construction Bot2 Con bot
    • Construction Bot1 Con bot for allies

    Some games also: converter (36%)

    By 3:18 in all: 4 mex · 12 wind · 1 energy storage · 3 con turret

    The example game in this phase · 23 steps
    1. Wind
    2. LazarusLazarus
    3. Construction BotCon bot
    4. LazarusLazarus
    5. Construction BotCon botfor Air
    6. LazarusLazarus
    7. CenturionCenturion ×2for Pond
    8. Mex
    9. Construction BotCon botfor Air
    10. Construction BotCon bot
    11. LazarusLazarus ×2
    12. Wind
    13. Construction BotCon bot ×2
    14. Con turret
    15. Wind ×3
    16. Converter
    17. Con turret
    18. Wind ×2
    19. Energy storage
    20. Converter
    21. Wind
    22. Bot LabEat Bot Labreclaimed for its metal
    23. Advanced Bot LabAdvanced Bot Labdone 5:18 · typical 4:16
  3. 3

    Advanced Bot Lab to 5:00

    Economy
    • Wind Turbine3Wind
    Order
    1. Bot LabEat Bot Lab
    Builders
    • Advanced Construction Bot1 T2 con bot for allies

    Some games also: converter (35%)

    By 5:00 in all: 4 mex · 15 wind · 1 converter · 1 energy storage · 3 con turret

    The example game in this phase · 3 steps
    1. Wind ×2
    2. Converter
    3. Wind
  4. 4

    5:00 to 10:00

    Economy
    • Wind Turbine43Wind
    • Energy Converter6Converter
    Builders
    • Butler9 Butler
    • Advanced Construction Bot4 T2 con bot for allies
    • Advanced Construction Bot1 T2 con bot

    Some games also: con turret (43%) · Butler for allies (37%)

    By 10:00 in all: 4 mex · 58 wind · 8 converter · 1 energy storage · 3 con turret

    The example game in this phase · 152 steps
    1. Wind ×2
    2. Advanced Construction BotT2 con botfor Air
    3. Converter
    4. Wind
    5. Advanced Construction BotT2 con botfor Pond
    6. Advanced Metal ExtractorT2 mexdone 6:15 · typical 5:29
    7. Wind ×2
    8. Converter
    9. Wind
    10. Advanced Construction BotT2 con botfor Beach sea
    11. Wind
    12. ButlerButler
    13. Wind
    14. Converter
    15. Wind
    16. Advanced Metal ExtractorT2 mex
    17. Wind
    18. Advanced Construction BotT2 con botfor Geo sea
    19. Wind
    20. Converter
    21. Wind ×2
    22. Advanced Construction BotT2 con bot
    23. Wind
    24. Converter
    25. Wind
    26. ButlerButler
    27. Wind
    28. ButlerButler
    29. Wind
    30. Advanced Metal ExtractorT2 mex
    31. ButlerButler
    32. Converter
    33. Wind ×7
    34. Converter
    35. ButlerButler
    36. Wind ×3
    37. ButlerButler
    38. Converter
    39. Advanced Metal ExtractorT2 mex
    40. Wind ×3
    41. ButlerButler
    42. Wind ×2
    43. Converter
    44. Wind ×4
    45. ButlerButler
    46. Wind ×3
    47. Converter
    48. Wind ×4
    49. ButlerButler
    50. Wind ×4
    51. Converter
    52. Wind ×5
    53. ButlerButler
    54. Wind
    55. Converter
    56. Wind ×4
    57. ButlerButler
    58. Wind ×2
    59. Converter
    60. Wind ×6
    61. Converter
    62. Wind ×6
    63. Con turret
    64. SprinterSprinterfor Suicide front
    65. Wind ×4
    66. CitadelAnti-nukedone 12:22
    67. Wind ×4
    68. Con turret
    69. Wind ×3
    70. Con turret
    71. Wind ×3
    72. Converter
    73. Wind
    74. Con turret
    75. Wind ×3
    76. Con turret
    77. Converter
    78. Wind ×3
    79. Con turret
    80. Wind ×2
    81. Converter
    82. Wind ×4
    83. Con turret
    84. Wind
    85. Converter
    86. Wind ×4
    87. Converter
    88. Wind ×3
    89. Converter
    90. Wind ×6
    91. Converter
    92. Wind ×4
    93. Converter
    94. Wind ×7
    95. TracerTracer
    96. Wind ×2
    97. Converter
    98. Wind ×2
    99. Con turret
    100. Wind
    101. Con turret
    102. Wind
    103. Converter
    104. Wind
    105. Con turret
    106. Wind ×2
    107. Con turret
    108. Wind
    109. Converter
    110. Wind
    111. Con turret
    112. Wind ×2
    113. Con turret
    114. Wind ×2
    115. Converter
    116. Wind
    117. Con turret
    118. Wind ×4
    119. Converter
    120. Con turret
    121. Wind
    122. Con turret
    123. Wind ×3
    124. Converter
    125. Con turret
    126. Wind
    127. Con turret
    128. Wind ×3
    129. Converter
    130. Wind ×6
    131. Advanced Bot LabEat Advanced Bot Labreclaimed for its metal
    132. Advanced Fusion ReactorAdvanced Fusion Reactornot finished by 15:00
    133. Converter
    134. Wind ×5
    135. Converter
    136. Wind ×5
    137. Converter
    138. Wind ×6
    139. Converter
    140. Wind ×5
    141. Converter
    142. Wind ×4
    143. Converter
    144. Wind ×4
    145. Converter
    146. Wind ×5
    147. Converter
    148. Wind ×5
    149. Converter
    150. Wind ×4
    151. Converter
    152. Wind ×2

Counts are medians over the build's games: half of them build more, half fewer. The example game is Sangheili_Major's (30 OS, 16/08/2026); pick another.

Team trades

IN AT LEAST 30% OF ITS GAMES

You hand over

  • Construction Bot1 Con bot to Airfirst at 2:24 · in 84% of games
  • Advanced Construction Bot5 T2 con bot to Air or Geo sea or Pondfirst at 4:50 · in 99% of games
  • Butler2 Butler to Geo sea or Beach sea or Pondfirst at 9:07 · in 42% of games

You get

  • Hercules1 Light transport from Airfirst at 4:01 · in 86% of games

How it plays out

Typical game of this build, running totals by minute

Metal produced

020k40k
0:005:0010:0015:00

metal

Enemy metal destroyed

050100
0:005:0010:0015:00

metal

Own metal lost

050100150
0:005:0010:0015:00

metal

1868 games.

Show as table
ByMetal produced: This buildEnemy metal destroyed: This buildOwn metal lost: This build
1:0038300
2:0091500
3:00165100
4:00314300
5:00484800
6:00580000
7:00722700
8:00906100
9:001116900
10:001350200
11:001623900
12:001965200
13:002344100
14:0027357074
15:003153885130
WHAT THE NUMBERS SAY

Standard Tech play barely fights at all early, instead pouring metal into T2 infrastructure and constructors for the team.

  • + Metal produced hits 31679 by 15:00, by far the highest of any role here.
  • + T2 factory reached in 97% of games by 4:15, fastest and most reliable T2 timing.
  • − Enemy metal destroyed stays at 0 through 10:00, no early offense at all.
  • − Own metal lost also near 0, showing total avoidance of combat risk.
THE EXAMPLE YOU ARE READING

Sangheili_Major

30.2 OS · 16/08/2026

Open source match ↗

1 received units
3289 metal received · 57910 energy received

Allied construction assistance is unknown. Timings are observations, not a promise of solo reproducibility.

Typical milestones

Bot Lab1:18Middle 50%: 1:13–1:32 · n=1868
Advanced Bot Lab4:16Middle 50%: 4:04–4:30 · n=1861
Advanced Metal Extractor5:29Middle 50%: 5:06–5:59 · n=1864

Played most by

Amrissa93games of this buildTheGeneraI66games of this buildAdeus57games of this buildEl_Turco56games of this buildKOT_43games of this build
Standard tech · Armada Tech (Eco) build order · BAR Build Atlas